 Dungeon Crawl Stone Soup version 0.17-a0-2122-g03d97ec (webtiles) character file.

190 Xaiberja the Chopper (level 5, -3/35 HPs)
             Began as a Demonspawn Wizard on Oct 21, 2015.
             Slain by an ice beast (11 damage)
             ... on level 3 of the Dungeon.
             The game lasted 00:06:27 (3084 turns).

Xaiberja the Chopper (Demonspawn Wizard)            Turns: 3084, Time: 00:06:27

Health: -3/35      AC: 11    Str:  9    XL:     5   Next: 41%
Magic:  10/10      EV:  3    Int: 19    God:
Gold:   153        SH:  0    Dex: 11    Spells: 1 memorised, 9 levels left

rFire  . . .     SeeInvis .     q - +0 hand axe
rCold  . . .     Clarity  .     w - +0 chain mail
rNeg   . . .     SustAt   .     (no shield)
rPois  +         Gourm    .     b - +0 hat
rElec  .         Spirit   .     k - +2 cloak {rPois}
rCorr  .         Warding  .     (no gloves)
rMut   .         Stasis   .     (no boots)
MR     .....                    (no amulet)
Stlth  ..........               (no ring)
                                r - ring of flight

@: not resistant to hostile enchantments, extremely unstealthy
A: rot immunity
a: Evoke Flight


You were on level 3 of the Dungeon.
You were very hungry.

You visited 1 branch of the dungeon, and saw 3 of its levels.

You collected 153 gold pieces.

Inventory:

Hand Weapons
 f - a +0 short sword
 m - a +0 whip
 q - a +0 hand axe (weapon)
Armour
 a - a +0 robe
 b - a +0 hat (worn)
 k - a +2 cloak of poison resistance (worn)
 w - a +0 chain mail (worn)
Jewellery
 r - a ring of flight (left hand)
Scrolls
 e - a scroll of enchant weapon {unknown}
 g - 4 scrolls of identify {unknown}
 i - 3 scrolls of remove curse {unknown}
 j - a scroll of recharging {unknown}
 n - 2 scrolls of teleportation {unknown}
 o - a scroll of magic mapping {unknown}
 p - a scroll of fog {unknown}
 s - a scroll of amnesia {unknown}
 v - a scroll of fear {unknown}
Potions
 h - a potion of flight
 t - a potion of poison
Books
 c - a book of Minor Magic

   Spells                             Type                      Level
   a - Magic Dart                     Conjuration                  1
   b - Blink                          Translocation                2
   c - Call Imp                       Summoning                    2
   d - Repel Missiles                 Charms/Air                   2
   e - Slow                           Hexes                        2
   f - Conjure Flame                  Conjuration/Fire             3
   g - Mephitic Cloud                 Conjuration/Poison/Air       3
Comestibles
 d - 3 bread rations
 l - 2 meat rations
 u - 2 beef jerkies


   Skills:
 + Level 4.0 Axes
 - Level 1.7 Dodging
 - Level 1.7 Stealth
 - Level 3.3 Spellcasting
 - Level 2.2 Conjurations
   Level 1.0 Summonings
   Level 0.8 Translocations


You had 9 spell levels left.
You knew the following spells:

 Your Spells              Type           Power        Failure   Level  Hunger
a - Magic Dart            Conj           ##..         100%        1    None


Dungeon Overview and Level Annotations

Branches:
Dungeon (3/15)

Altars:
Sif Muna

Annotations:
D:3 Sigmund


Innate Abilities, Weirdness & Mutations

You are immune to rotting.


Message History

Okay, then.
Read which item? (? for menu, Esc to quit)
Okay, then.
Unknown command.
The ice beast hits you but does no damage.
You hit the ice beast but do no damage. The ice beast hits you.
The ice beast freezes you!
Your chain mail prevents you from hitting the ice beast.
The ice beast hits you but does no damage.
You closely miss the ice beast.
The ice beast hits you but does no damage.
You hit the ice beast.
The ice beast is lightly wounded.
The ice beast hits you but does no damage.
You closely miss the ice beast.
The ice beast is lightly wounded.
The ice beast hits you. The ice beast freezes you! The ice beast hits you.
* * * LOW HITPOINT WARNING * * *
The ice beast freezes you!
You die...

#.#.#.#.### #####
######
##...##...###...#
#.....
##.###.#.......#
##.#### #.#
#...###)..###...###
#.#
#..#####)###.#.#.##
#.#
#..............#.##
#.#
##.#####.###.###.##
#.# #.# #.#
##...### #.# #@#
#.# ##### # #.# #Y#
#.. . ... ### #
##..# #..# #..#
##.# ..


You could see an ice beast.

Vanquished Creatures
  Ijyb (D:3)
  An orc wizard (D:3)
  6 adders
  2 worms
  A giant gecko (D:2)
  8 orcs (D:3)
  3 giant cockroaches
  4 hobgoblins
  8 jackals
  3 quokkas
  A ball python (D:1)
  6 bats
  2 giant newts
  7 goblins
  6 kobolds
  10 rats
69 creatures vanquished.

Notes
Turn   | Place    | Note
--------------------------------------------------------------
     0 | D:1      | Xaiberja the Demonspawn Wizard began the quest for the Orb.
     0 | D:1      | Reached XP level 1. HP: 13/13 MP: 4/4
   390 | D:1      | Gained mutation: You are immune to rotting. [demonic ancestry]
   390 | D:1      | Reached XP level 2. HP: 14/19 MP: 0/6
  1144 | D:2      | Reached XP level 3. HP: 18/24 MP: 7/7
  1296 | D:2      | Reached skill level 1 in Axes
  1636 | D:2      | Reached XP level 4. HP: 27/30 MP: 0/9
  1768 | D:2      | Found a deep blue altar of Sif Muna.
  2315 | D:3      | Noticed Sigmund
  2614 | D:3      | Reached XP level 5. HP: 28/35 MP: 10/10
  2651 | D:3      | Noticed Ijyb
  2728 | D:3      | Killed Ijyb
  3026 | D:3      | Reached skill level 4 in Axes
  3076 | D:3      | Noticed an ice beast
  3084 | D:3      | Slain by an ice beast

Vault maps used:
D:1:      dpeg_arrival_concentric_ovals
D:2:      old_standard_altar
D:3:      grunt_temple_overflow_lords_of_destruction, first_bread, uniq_iyjb,
          uniq_sigmund

Action                   |  1- 3 |  4- 6 || total
-------------------------+-------+-------++-------
Melee: Short sword       |    19 |       ||    19
       Whip              |    36 |       ||    36
       Hand axe          |    89 |   168 ||   257
 Cast: Magic Dart        |    36 |    48 ||    84
  Use: Potion            |     3 |     2 ||     5
 Stab: Sleeping          |       |     2 ||     2
  Eat: Chunk             |     2 |     4 ||     6
